 Dungeon Crawl Stone Soup version 0.25-a0-713-g4845790874 (webtiles) character file.

Game seed: 61060385098357697, levelgen mode: deterministic

252 mortelune the Covered (level 6, 0/48 HPs)
             Began as a Formicid Abyssal Knight on Apr 5, 2020.
             Was a Believer of Lugonu.
             Slain by Pikel
             ... wielding a +2 whip of flaming
              (7 damage)
             ... on level 3 of the Dungeon.
             The game lasted 00:11:37 (4565 turns).

mortelune the Covered (Formicid Abyssal Knight)     Turns: 4565, Time: 00:11:37

Health: 0/48       AC:  8    Str: 16 (19) XL:     6   Next: 36%
Magic:  8/8        EV:  9    Int:  8 (11) God:    Lugonu [**....]
Gold:   216        SH:  0    Dex:  8 (10) Spells: 5/5 levels left

rFire    . . .     SeeInvis +   m - +0 flail
rCold    . . .     Gourm    .   (no shield)
rNeg     . . .     Faith    +   y - +0 scale mail (curse)
rPois    .         Spirit   .   (helmet unavailable)
rElec    .         Reflect  .   (no cloak)
rCorr    .         Harm     .   (no gloves)
MR       .....                  w - +0 pair of boots (curse)
Stlth    ..........             i - amulet of faith
HPRegen  0.16/turn              (no ring)
MPRegen  0.11/turn              (no ring)

@: stab, starving
A: permanent stasis, dig shafts and tunnels, four strong arms, antennae 3
a: Dig, Shaft Self, Depart the Abyss, Bend Space, Renounce Religion


You were on level 3 of the Dungeon.
You worshipped Lugonu.
Lugonu was pleased with you.
You were starving.

You visited 1 branch of the dungeon, and saw 4 of its levels.
You visited the Abyss 1 time.

You collected 216 gold pieces.

Inventory:

Hand Weapons
 a - a +1 mace
 m - a +0 flail (weapon)
Missiles
 e - 100 stones (quivered)
 s - 29 poisoned darts
 v - 3 javelins
Armour
 b - a +0 leather armour
 f - a +0 ring mail
 n - a +1 plate armour
 w - a cursed +0 pair of boots (worn)
 y - a cursed +0 scale mail (worn)
Jewellery
 i - an amulet of faith (around neck)
Wands
 h - a wand of enslavement (10)
Scrolls
 l - 2 scrolls of enchant armour
 r - a scroll of magic mapping
 u - a scroll of fear
Comestibles
 c - 3 rations


   Skills:
 + Level 4.2 Fighting
 * Level 3.8 Maces & Flails
 * Level 4.4 Armour
 - Level 0.8 Dodging
 + Level 3.4 Invocations


You had 5 spell levels left.
You didn't know any spells.
Your spell library was empty.

Dungeon Overview and Level Annotations

Branches:
Dungeon (4/15)
 Temple: D:4-7

Altars:

Annotations:
D:3 Grinder, Pikel


Innate Abilities, Weirdness & Mutations

You cannot be hasted, slowed, berserked, paralysed or teleported.
You can dig through walls and to a lower floor.
Your four strong arms can wield two-handed weapons with a shield.
You have a pair of large antennae on your head. (SInv)


Message History

* * * LOW HITPOINT WARNING * * *
You completely miss Pikel.
Pikel is severely wounded.
Pikel hits you but does no damage.
You closely miss Pikel.
Pikel is severely wounded.
Pikel hits you but does no damage.
You hit Pikel.
Pikel is almost dead.
Pikel hits you but does no damage. x2
You hit Pikel but do no damage.
Pikel is almost dead.
Pikel hits you but does no damage.
You barely miss Pikel.
Pikel is almost dead.
You feel less wooden.
Your cursed +0 pair of boots unmelds from your body.
Your cursed +0 scale mail unmelds from your body.
Pikel hits you with a +2 whip of flaming!
You die...

# # #.# # #.# ####
### #.# ... ...
##.# .# #.#.##.#
.# ##.#.##.# .#
#.... #.# .# #..#
#@#
.#########..####K#
..........).....>#
.#######.#<.####)#
.. #....# #.# ...
#.#..# #.# ....
#....# #.# .....
#.#..####.# ......
..........#


You could see Pikel.

Vanquished Creatures
  2 orc priests
  2 orc wizards
  4 adders
  A worm (D:2)
  6 dart slugs
  A leopard gecko (D:1)
  5 orcs
  3 ball pythons
  7 bats
  3 giant cockroaches
  11 goblins
  11 hobgoblins
  3 jackals
  2 quokkas (D:3)
  6 frilled lizards
  8 kobolds
  7 rats
82 creatures vanquished.

Notes
Turn   | Place    | Note
-------+----------+-------------------------------------------
     0 | Abyss:1  | mortelune the Formicid Abyssal Knight began the quest for
                  | the Orb.
     0 | Abyss:1  | Reached XP level 1. HP: 18/18 MP: 2/2
    30 | Abyss:1  | Found a corrupted altar of Lugonu.
    51 | Abyss:1  | Noticed a large abomination
    52 | D:1      | Escaped the Abyss
   366 | D:1      | Reached XP level 2. HP: 24/24 MP: 3/3
   868 | D:1      | Reached XP level 3. HP: 16/29 MP: 4/4
  1262 | D:1      | Reached * piety under Lugonu
  1753 | D:1      | Reached XP level 4. HP: 23/37 MP: 5/5
  2253 | D:2      | You fall into a shaft and drop 2 floors!
  2263 | D:4      | Noticed a slave
  2820 | D:2      | Reached XP level 5. HP: 42/42 MP: 7/7
  2967 | D:2      | Reached ** piety under Lugonu
  3544 | D:3      | Noticed Grinder
  3664 | D:3      | Reached XP level 6. HP: 37/48 MP: 8/8
  3856 | D:4      | Noticed Pikel
  3857 | D:4      | Noticed a slave
  3863 | D:4      | Noticed a slave
  4565 | D:3      | Slain by Pikel

Levels and vault maps discovered:
D:1:      dpeg_arrival_simpleton_b, layout_basic
D:2:      layout_loops_ring
D:3:      layout_basic, st_stairs_8, uniq_crazy_yiuf_cottage, uniq_grinder
D:4:      layout_rooms, first_ration, uniq_pikel, uniq_robin

Skill      XL: |  1  2  3  4  5 |
---------------+----------------+-----
Armour         | 3 4 |  4.4
Maces & Flails | 3 |  3.8
Invocations    | 3 |  3.4
Fighting       | 4 |  4.2
Dodging        | |  0.8

Action                   |  1- 3 |  4- 6 || total
-------------------------+-------+-------++-------
Melee: Mace              |   102 |   105 ||   207
       Flail             |       |   170 ||   170
Throw: Stone             |    36 |    37 ||    73
Invok: Depart the Abyss  |     1 |       ||     1
  Use: Scroll            |       |     7 ||     7
       Potion            |       |     8 ||     8
  Eat: Chunk             |     3 |     7 ||    10
Armor: Leather armour    |    15 |       ||    15
       Ring mail         |    33 |     3 ||    36
       Plate armour      |       |   166 ||   166
       Skin              |       |    25 ||    25
       Scale mail        |       |     7 ||     7
Dodge: Dodged            |    71 |    90 ||   161

Table legend:
 A = Non-vault XP
 B = Vault XP
 C = Vault XP percentage of total XP
 D = Non-vault monster count
 E = Vault monster count
 F = Vault count percentage of total count
                 A         B        C        D         E       F
            +---------+---------+-------+---------+---------+-------
      Total |     348 |      13 |   3.6 |      81 |       1 |   1.2
            +---------+---------+-------+---------+---------+-------
        D:1 |      68 |       0 |   0.0 |      28 |       0 |   0.0
        D:2 |     145 |      13 |   8.2 |      28 |       1 |   3.4
        D:3 |     133 |       0 |   0.0 |      24 |       0 |   0.0
        D:4 |       2 |       0 |   0.0 |       1 |       0 |   0.0
            +---------+---------+-------+---------+---------+-------
